[Event "Titled Tuesday Blitz February 21 Early 2023"]
[White "Ruge, Edison"]
[Black "Zacurdajev, Dmitry"]
[WhiteFideId "4401000"]
[BlackFideId "4196309"]
[WhiteElo "2201"]
[BlackElo "2273"]
[Result "0-1"]
[Round "04"]
[TimeControl "180+2"]
[Date "2023.02.21"]
[WhiteClock "0:00:16"]
[BlackClock "0:00:20"]

1. e4 c6 2. d3 d5 3. Nd2 e6 4. Ngf3 Nf6 5. g3 Be7 6. Bg2 O-O 7. O-O c5 8. e5 Nfd7 9. Re1 Nc6 10. Nf1 b5 11. c3 a5 12. h4 Ba6 13. Bf4 b4 14. Rc1 a4 15. c4 Nb6 16. Qe2 Rc8 17. Red1 b3 18. a3 Na5 19. Ne3 Qd7 20. h5 h6 21. Qd2 Nc6 22. Bxh6 dxc4 23. Ng4 Qxd3 24. Qf4 Qf5 25. Qxf5 exf5 26. Ne3 gxh6 27. Nxf5 Rfd8 28. Nxh6+ Kh7 29. Nf5 Rxd1+ 30. Rxd1 Rd8 31. Rc1 Nd5 32. Nxe7 Ndxe7 33. Ng5+ Kg8 34. f4 Nd4 35. Kh2 Ne2 36. Re1 c3 37. bxc3 Nxc3 38. h6 b2 39. h7+ Kg7 40. Be4 Nxe4 41. Nxe4 Bd3 42. Nc3 Bxh7 43. g4 Nd5 44. Nxd5 Rxd5 45. f5 Rd2+ 46. Kg3 Rc2 47. Rb1 c4 48. Kf4 c3 49. g5 Rc1 0-1


[Site "https://www.chess.com"]

[Event "Titled Tuesday Blitz February 21 Early 2023"]
[White "Rose, Felix"]
[Black "Wahedi, Ahmad Siar"]
[WhiteFideId "5105722"]
[BlackFideId "4651260"]
[WhiteElo "2091"]
[BlackElo "2274"]
[Result "0-1"]
[Round "04"]
[TimeControl "180+2"]
[Date "2023.02.21"]
[WhiteClock "0:00:03"]
[BlackClock "0:01:01"]

1. d4 d5 2. Bf4 c5 3. e3 Nc6 4. Nf3 e6 5. c3 Bd6 6. Ne5 Qc7 7. Bb5 Ne7 8. Nd2 O-O 9. Ndf3 f6 10. Nxc6 bxc6 11. Bxd6 Qxd6 12. dxc5 Qxc5 13. Be2 a5 14. O-O Rb8 15. Qd2 e5 16. c4 Be6 17. Rac1 Qb4 18. Qxb4 Rxb4 19. b3 dxc4 20. Bxc4 Bxc4 21. Rxc4 Rxc4 22. bxc4 Rb8 23. g4 Kf7 24. Rd1 Ke6 25. Rd2 Rb1+ 26. Kg2 Rc1 27. g5 Rxc4 28. gxf6 gxf6 29. Ne1 Nd5 30. Nd3 Rc3 31. Kf1 e4 32. Nb2 f5 33. Ke2 f4 34. exf4 Nxf4+ 35. Kd1 Nd5 36. Re2 Kf5 37. Na4 Rc4 38. Nb2 Rb4 39. Rc2 a4 40. Nc4 Kf4 41. Nd6 Rd4+ 42. Kc1 Nb4 43. Rc4 Nd3+ 0-1


[Site "https://www.chess.com"]

[Event "Titled Tuesday Blitz February 21 Early 2023"]
[White "Manukyan, Sargis V."]
[Black "Kuchava, Ana"]
[WhiteFideId "13303465"]
[BlackFideId "13605348"]
[WhiteElo "2253"]
[BlackElo "2101"]
[Result "1-0"]
[Round "04"]
[TimeControl "180+2"]
[Date "2023.02.21"]
[WhiteClock "0:01:25"]
[BlackClock "0:00:04"]

1. Nf3 d5 2. d4 Nf6 3. g3 Bf5 4. Bg2 e6 5. O-O Be7 6. c4 c6 7. Nc3 O-O 8. Nd2 Nbd7 9. e4 dxe4 10. Ndxe4 Nxe4 11. Nxe4 Nf6 12. Nc3 Qd7 13. Be3 Rad8 14. Qe2 h6 15. Rfd1 Qc7 16. Rac1 Qa5 17. a3 Rfe8 18. Rd2 Rd7 19. Rcd1 Red8 20. h3 Bg6 21. Kh2 Kh7 22. f4 Qh5 23. g4 Qa5 24. d5 cxd5 25. cxd5 exd5 26. f5 Bxf5 27. gxf5 d4 28. Bxd4 Qxf5 29. Bxf6 Qf4+ 30. Kh1 Rxd2 31. Rxd2 Rxd2 32. Qe4+ Qxe4 33. Bxe4+ g6 34. Bxe7 Rxb2 35. Bf6 Rb3 36. a4 a6 37. Bd5 Rb2 38. Bc4 b5 39. axb5 axb5 40. Bxb5 Rf2 41. Bd4 Rf3 42. Kg2 Rf5 43. Bd3 Rg5+ 44. Kf3 Ra5 45. Ne4 f5 46. Nf6+ Kg7 47. Nd7+ Kf7 48. Bc4+ Ke7 49. Nc5 Ra8 50. Nd3 g5 51. Bd5 Ra4 52. Bc5+ Kf6 53. Bb4 g4+ 54. hxg4 fxg4+ 55. Kxg4 Ra1 56. Bc3+ 1-0


[Site "https://www.chess.com"]

[Event "Titled Tuesday Blitz February 21 Early 2023"]
[White "Matko, Ognjen"]
[Black "lisjakzlatko1"]
[WhiteFideId "14509717"]
[WhiteElo "2295"]
[BlackElo "2162"]
[Result "1-0"]
[Round "04"]
[TimeControl "180+2"]
[Date "2023.02.21"]
[WhiteClock "0:01:18"]
[BlackClock "0:00:10"]

1. e4 d6 2. d4 Nf6 3. Nc3 c6 4. g3 Qb6 5. Bg2 e5 6. Nge2 Be7 7. h3 O-O 8. O-O a5 9. b3 Re8 10. Be3 Qc7 11. a4 Na6 12. g4 Bf8 13. Ng3 Nb4 14. Qd2 Be6 15. g5 exd4 16. Bxd4 Nd7 17. f4 Nc5 18. Rae1 Rad8 19. Nh5 Bc8 20. f5 d5 21. e5 Ne4 22. Nxe4 dxe4 23. Qf2 c5 24. Bb2 Rxe5 25. Bxe5 Qxe5 26. Rxe4 Qb2 27. g6 1-0


[Site "https://www.chess.com"]

[Event "Titled Tuesday Blitz February 21 Early 2023"]
[White "babbilator"]
[Black "Sargissyan, Sargis"]
[BlackFideId "13303210"]
[WhiteElo "2129"]
[BlackElo "2234"]
[Result "0-1"]
[Round "04"]
[TimeControl "180+2"]
[Date "2023.02.21"]
[WhiteClock "0:00:41"]
[BlackClock "0:00:58"]

1. e4 c5 2. Nc3 Nc6 3. Nf3 e5 4. Bc4 d6 5. d3 Be7 6. Nd2 Bg5 7. O-O Nf6 8. Re1 Bg4 9. f3 Be6 10. Nf1 h6 11. Ne3 Nd4 12. Ncd5 b5 13. Nxf6+ Bxf6 14. Bd5 Bxd5 15. Nxd5 Bg5 16. c3 Ne6 17. a4 b4 18. a5 bxc3 19. bxc3 O-O 20. Qa4 Rb8 21. Qc6 Bxc1 22. Rexc1 Rb2 23. Rcb1 Rd2 24. Rd1 Rb2 25. Rdb1 Qb8 26. Rxb2 Qxb2 27. Rf1 Rd8 28. Qb7 Qxb7 0-1


[Site "https://www.chess.com"]

[Event "Titled Tuesday Blitz February 21 Early 2023"]
[White "Bongo Akanga Ndjila, Barthelemy"]
[Black "UNSTOPPABLE_LEGEND"]
[WhiteFideId "10609431"]
[WhiteElo "1824"]
[BlackElo "2437"]
[Result "0-1"]
[Round "04"]
[TimeControl "180+2"]
[Date "2023.02.21"]
[WhiteClock "0:00:14"]
[BlackClock "0:00:09"]

1. d4 Nf6 2. c4 e6 3. Nf3 d5 4. Nc3 c5 5. cxd5 Nxd5 6. e4 Nxc3 7. bxc3 cxd4 8. cxd4 Bb4+ 9. Bd2 Bxd2+ 10. Qxd2 O-O 11. Bc4 Nd7 12. O-O b6 13. d5 Nc5 14. Rad1 exd5 15. Bxd5 Bb7 16. Qf4 Qf6 17. Qxf6 gxf6 18. Nd4 Bxd5 19. exd5 Rad8 20. Nf5 Rd7 21. d6 Rfd8 22. Rfe1 Kf8 23. Re3 Nb7 24. Red3 Re8 25. g3 Re5 26. g4 Nc5 27. Rd4 h5 28. h3 hxg4 29. hxg4 Re4 30. f3 Re2 31. R1d2 Re1+ 32. Kf2 Rb1 33. Kg3 a5 34. Rh2 Kg8 35. Re2 Kf8 36. Kf4 Ne6+ 37. Ke4 Nxd4 38. Kxd4 Rd1+ 39. Kc4 R7xd6 40. Nxd6 Rxd6 41. Kb5 f5 42. gxf5 Kg7 43. Re5 Kf6 44. f4 a4 45. Kxa4 Rd4+ 46. Kb5 Rxf4 47. Re2 Kxf5 48. Kxb6 Ra4 49. Rf2+ Kg6 50. Kb5 Ra8 51. a4 f5 52. a5 Kg5 53. Kb6 f4 54. Kb7 Rxa5 55. Kc6 Kg4 56. Kd6 f3 57. Rf1 Kg3 58. Rb1 f2 59. Ke6 Kg2 60. Rb8 f1=Q 61. Rg8+ Kh3 62. Rh8+ Kg4 63. Rg8+ Rg5 64. Re8 Qf5+ 65. Ke7 Rg7+ 66. Kd8 Qd7# 0-1


[Site "https://www.chess.com"]

[Event "Titled Tuesday Blitz February 21 Early 2023"]
[White "Jovic, Stanoje"]
[Black "Osuna Vega, Enrique"]
[WhiteFideId "905020"]
[BlackFideId "2219549"]
[WhiteElo "2075"]
[BlackElo "2061"]
[Result "1-0"]
[Round "04"]
[TimeControl "180+2"]
[Date "2023.02.21"]
[WhiteClock "0:00:26"]
[BlackClock "0:00:03"]

1. c4 c6 2. e4 d5 3. exd5 cxd5 4. cxd5 Nf6 5. Qa4+ Nbd7 6. Bc4 g6 7. d3 Bg7 8. Nc3 O-O 9. Nf3 Nb6 10. Qb3 Bg4 11. Ne5 Bc8 12. O-O Nfd7 13. Nxd7 Bxd7 14. Re1 Rc8 15. Bg5 Nxc4 16. dxc4 Re8 17. Ne4 h6 18. Be3 Bf5 19. Ng3 Bd7 20. Bxa7 e6 21. Bb6 Qh4 22. Re4 Qf6 23. Bd4 e5 24. Bc3 Qe7 25. Qxb7 f5 26. Ree1 Rb8 27. Qa7 e4 28. Bxg7 Qxg7 29. b3 Ra8 30. Qc5 Rac8 31. Qd6 Rcd8 32. Qa3 Ra8 33. Qc1 Qd4 34. Qxh6 Ra6 35. Rad1 Qb2 36. Re2 1-0


[Site "https://www.chess.com"]

[Event "Titled Tuesday Blitz February 21 Early 2023"]
[White "Abdilkhair, Abilmansur"]
[Black "Levine, David"]
[WhiteFideId "13716417"]
[BlackFideId "2011611"]
[WhiteElo "2268"]
[BlackElo "2040"]
[Result "1-0"]
[Round "04"]
[TimeControl "180+2"]
[Date "2023.02.21"]
[WhiteClock "0:00:06"]
[BlackClock "0:00:15"]

1. d4 d5 2. c4 dxc4 3. e3 Nf6 4. Bxc4 e6 5. Nf3 c5 6. O-O Nc6 7. Nc3 cxd4 8. exd4 Be7 9. Re1 O-O 10. Bg5 h6 11. Bh4 Nh5 12. Bxe7 Nxe7 13. d5 Nxd5 14. Nxd5 exd5 15. Qxd5 Nf6 16. Qxd8 Rxd8 17. Re7 Nd5 18. Rd1 Be6 19. Rxb7 Nb6 20. Rxd8+ Rxd8 21. Be2 Rc8 22. h3 Rc2 23. Bd3 Rc1+ 24. Kh2 g6 25. Rxa7 Ra1 26. a3 Bb3 27. Nd4 Bd5 28. Ra6 Nc4 29. Bxc4 Bxc4 30. Rb6 Rd1 31. Nf3 Rd3 32. Kg3 Bd5 33. Rd6 Kf8 34. Rd7 Ke8 35. Ra7 Bxf3 36. gxf3 f5 37. Rb7 g5 38. a4 h5 39. a5 f4+ 40. Kg2 Rd1 41. a6 Ra1 42. a7 1-0


[Site "https://www.chess.com"]

[Event "Titled Tuesday Blitz February 21 Early 2023"]
[White "Goncalves, Davi Sulzbacher"]
[Black "Von Buelow, Georg"]
[WhiteFideId "2154510"]
[BlackFideId "4620658"]
[WhiteElo "2282"]
[BlackElo "2345"]
[Result "0-1"]
[Round "04"]
[TimeControl "180+2"]
[Date "2023.02.21"]
[WhiteClock "0:00:08"]
[BlackClock "0:00:03"]

1. Nf3 Nf6 2. b3 g6 3. Bb2 Bg7 4. g4 d5 5. g5 Nh5 6. Bxg7 Nxg7 7. c4 d4 8. e3 Nc6 9. Na3 e5 10. exd4 exd4 11. Qe2+ Ne6 12. O-O-O O-O 13. h4 Re8 14. Re1 Bd7 15. Qd1 a5 16. Nb5 a4 17. Kb2 axb3 18. axb3 Qe7 19. h5 Qc5 20. hxg6 hxg6 21. Bd3 Nb4 22. Bxg6 fxg6 23. Qb1 Kg7 24. Rh6 Nf8 25. Reh1 Bxb5 26. Rh8 Ra2+ 27. Kc1 Bxc4 28. Qxg6+ Kxg6 29. R1h6+ Kf5 30. Rf6+ Ke4 31. Rh4+ Kd3 32. Ne5+ Rxe5 33. Rf3+ Re3 34. Rxd4+ Qxd4 35. Rxe3+ Qxe3 36. fxe3 Bxb3 37. Kb1 Rxd2 38. Kc1 Kc3 39. Kb1 Rd1# 0-1


[Site "https://www.chess.com"]

[Event "Titled Tuesday Blitz February 21 Early 2023"]
[White "Devaev, Alexander"]
[Black "Gurevich, Ilya"]
[WhiteFideId "4169395"]
[BlackFideId "2000628"]
[WhiteElo "2325"]
[BlackElo "2586"]
[Result "1-0"]
[Round "04"]
[TimeControl "180+2"]
[Date "2023.02.21"]
[WhiteClock "0:00:09"]
[BlackClock "0:00:01"]

1. d4 Nf6 2. c4 g6 3. Nc3 Bg7 4. e4 d6 5. Nf3 O-O 6. h3 c5 7. d5 e6 8. Bd3 exd5 9. cxd5 Re8 10. O-O a6 11. a4 c4 12. Bc2 Nbd7 13. Re1 Nc5 14. Bf4 Rb8 15. e5 Nh5 16. Bh2 b5 17. axb5 axb5 18. exd6 Bd7 19. Ne5 Bxe5 20. Bxe5 b4 21. Na4 Na6 22. g4 Ng7 23. f4 b3 24. Bb1 Nb4 25. Bc3 Qh4 26. Kg2 h5 27. Qd4 f6 28. Rxe8+ Nxe8 29. f5 hxg4 30. Qxg4 Qxg4+ 31. hxg4 Nxd5 32. fxg6 Ra8 33. Be4 Bc6 34. Kg3 Nxd6 35. Bf3 f5 36. Rd1 fxg4 37. Bxd5+ Bxd5 38. Rxd5 Rxa4 39. Rxd6 Ra8 40. Rd7 Rc8 41. Kxg4 Rf8 42. Kh5 Re8 43. Kh6 Ra8 44. Rg7+ Kf8 45. Rh7 1-0


[Site "https://www.chess.com"]

[Event "Titled Tuesday Blitz February 21 Early 2023"]
[White "Jimenez Jimenez, Leandro"]
[Black "Ibadov, Dashgyn"]
[WhiteFideId "6415253"]
[BlackFideId "24107514"]
[WhiteElo "2146"]
[BlackElo "2391"]
[Result "0-1"]
[Round "04"]
[TimeControl "180+2"]
[Date "2023.02.21"]
[WhiteClock "0:00:01"]
[BlackClock "0:00:20"]

1. d4 d5 2. c4 e6 3. Nc3 c6 4. Nf3 Nf6 5. Bg5 Nbd7 6. e3 Qa5 7. cxd5 Nxd5 8. Rc1 Nxc3 9. bxc3 Ba3 10. Rc2 b6 11. Bd3 Ba6 12. O-O Bxd3 13. Qxd3 O-O 14. e4 Rfe8 15. Rd1 Bf8 16. c4 Qa4 17. Qb3 Qa5 18. Bf4 Rad8 19. Rcd2 g6 20. Qe3 Bg7 21. Bh6 Bh8 22. Qf4 Qb4 23. Rc1 Qe7 24. h4 e5 25. dxe5 Nxe5 26. Nxe5 Bxe5 27. Qe3 Rxd2 28. Qxd2 Qxh4 29. g3 Qxe4 30. Re1 Qxc4 0-1


[Site "https://www.chess.com"]

[Event "Titled Tuesday Blitz February 21 Early 2023"]
[White "Malka, Samuel"]
[Black "Prudnykova, Olga"]
[WhiteFideId "20643675"]
[BlackFideId "14121093"]
[WhiteElo "2165"]
[BlackElo "2268"]
[Result "1-0"]
[Round "04"]
[TimeControl "180+2"]
[Date "2023.02.21"]
[WhiteClock "0:00:31"]
[BlackClock "0:01:14"]

1. d4 Nf6 2. c4 g6 3. Nc3 d5 4. cxd5 Nxd5 5. e4 Nxc3 6. bxc3 c5 7. Nf3 Bg7 8. Bb5+ Nd7 9. O-O O-O 10. Re1 Nf6 11. h3 Qa5 12. a4 a6 13. Bf1 Rd8 14. Bd2 Qc7 15. d5 e6 16. c4 Ne8 17. Rb1 f5 18. exf5 exd5 19. cxd5 Bxf5 20. Rc1 Nd6 21. Bc3 Rac8 22. Bxg7 Qxg7 23. Ne5 b5 24. axb5 axb5 25. Nc6 Re8 26. Rxe8+ Rxe8 27. Rxc5 Qe5 28. Nxe5 1-0


[Site "https://www.chess.com"]

[Event "Titled Tuesday Blitz February 21 Early 2023"]
[White "Dauner, Benedikt"]
[Black "Rios Escobar, Adan"]
[WhiteFideId "16225899"]
[BlackFideId "3403645"]
[WhiteElo "2400"]
[BlackElo "2234"]
[Result "1/2-1/2"]
[Round "04"]
[TimeControl "180+2"]
[Date "2023.02.21"]
[WhiteClock "0:00:21"]
[BlackClock "0:00:08"]

1. e4 c5 2. Nf3 d6 3. c3 Nf6 4. Bd3 Nc6 5. O-O Bg4 6. Be2 Nxe4 7. Qa4 Nf6 8. d4 cxd4 9. cxd4 Bd7 10. Qb3 Qb6 11. Qxb6 axb6 12. Nc3 e6 13. Nb5 Rc8 14. Bf4 d5 15. Rfc1 Ne4 16. Bd3 Be7 17. Nc7+ Kd8 18. Nb5 f6 19. h4 Ke8 20. Nd2 Nxd2 21. Bxd2 Kf7 22. Bf4 e5 23. Be3 e4 24. Bc2 g5 25. Bb3 Be6 26. hxg5 fxg5 27. Nc3 Rcd8 28. Na4 b5 29. Nc5 Bxc5 30. Rxc5 b4 31. Rb5 Rd7 32. Rc1 h6 33. Rcc5 Rhd8 34. Rb6 Ke7 35. Ba4 Rc7 36. Bxc6 bxc6 37. Rcxc6 Rxc6 38. Rxc6 Rc8 39. Rxc8 Bxc8 40. Bd2 b3 41. axb3 Ba6 42. Kh2 Ke6 43. g4 Kf6 44. Kg3 Bc8 45. Ba5 Kg6 46. Bd8 Bd7 47. b4 h5 48. gxh5+ Kxh5 49. Be7 Kg6 50. Bd6 Kf5 51. Be5 Bb5 52. Kg2 Be2 53. Bg7 Kg4 54. Bh6 Bb5 55. Bf8 Bc4 56. Bd6 Bb5 57. Bc5 Bd3 58. Ba7 Bb5 59. Bb8 Bd3 60. Bd6 Bb5 61. Bc7 Bd3 62. b5 Bxb5 63. Ba5 Bd3 64. Bd2 Bb5 65. Be3 Bd3 66. Kh2 Bb5 67. Kg1 Bd3 68. Kg2 Bb5 69. Bd2 Bd3 70. Bc1 Be2 71. Bd2 Bc4 72. Be1 Bb5 73. Bd2 Bd3 74. Ba5 Bb5 75. Bc7 Bd3 76. Be5 Bb5 77. f3+ exf3+ 78. Kf2 Bc4 79. b4 Be2 80. Bd6 Bb5 81. Be5 Bc4 82. Bd6 Bb5 83. Be7 Bc4 84. Bd6 Bb5 1/2-1/2


[Site "https://www.chess.com"]

[Event "Titled Tuesday Blitz February 21 Early 2023"]
[White "Papayan, Oleg"]
[Black "Buscar, Michael"]
[WhiteFideId "4193911"]
[BlackFideId "2603616"]
[WhiteElo "2253"]
[BlackElo "2041"]
[Result "1-0"]
[Round "04"]
[TimeControl "180+2"]
[Date "2023.02.21"]
[WhiteClock "0:00:57"]
[BlackClock "0:02:08"]

1. e4 c5 2. Nf3 Nc6 3. Bb5 Nf6 4. Nc3 g6 5. Bxc6 dxc6 6. h3 Bg7 7. d3 O-O 8. Be3 b6 9. Qd2 Ne8 10. Bh6 Nc7 11. Bxg7 Kxg7 12. O-O Ne6 13. a4 a5 14. b3 Nd4 15. Nh2 e5 16. f4 exf4 17. Rxf4 Be6 18. Raf1 Qg5 19. Nf3 Nxf3+ 20. R1xf3 Kg8 21. Qf2 Qe5 22. Ne2 b5 23. d4 1-0


[Site "https://www.chess.com"]

[Event "Titled Tuesday Blitz February 21 Early 2023"]
[White "Ziatdinov, Raset"]
[Black "Jiganchine, Roman"]
[WhiteFideId "2015323"]
[BlackFideId "2603667"]
[WhiteElo "2101"]
[BlackElo "2205"]
[Result "0-1"]
[Round "04"]
[TimeControl "180+2"]
[Date "2023.02.21"]
[WhiteClock "0:00:49"]
[BlackClock "0:00:04"]

1. e4 c6 2. d4 d5 3. exd5 cxd5 4. Bd3 Nc6 5. c3 Nf6 6. Bf4 Bg4 7. Qb3 Qc8 8. Nd2 e6 9. Ngf3 Bh5 10. O-O Bg6 11. Bb5 Nd7 12. Rfe1 Be7 13. c4 dxc4 14. Nxc4 O-O 15. Rac1 Nf6 16. Nd6 Bxd6 17. Bxd6 Rd8 18. Qa3 Qd7 19. Bg3 Qd5 20. Bc4 Qh5 21. Be5 Nd5 22. h3 Bf5 23. g4 Bxg4 24. hxg4 Qxg4+ 25. Bg3 Nf4 26. Bf1 h5 27. Rc5 h4 28. Rg5 Nh3+ 29. Kh1 Nxg5 30. Nxh4 Nxd4 31. Bg2 Nf5 32. Nxf5 exf5 33. Bxb7 Re8 34. Rf1 Qh5+ 35. Kg1 Rad8 36. Bg2 f4 37. Bxf4 Ne6 38. Bg3 Nd4 39. Ra1 Ne2+ 40. Kf1 Qb5 0-1


[Site "https://www.chess.com"]

[Event "Titled Tuesday Blitz February 21 Early 2023"]
[White "Topalov, Aleksandar"]
[Black "SicilianPanzer"]
[WhiteFideId "925659"]
[WhiteElo "2233"]
[BlackElo "2254"]
[Result "0-1"]
[Round "04"]
[TimeControl "180+2"]
[Date "2023.02.21"]
[WhiteClock "0:00:01"]
[BlackClock "0:00:13"]

1. b3 Nf6 2. Bb2 d6 3. Bxf6 exf6 4. c4 b6 5. Nc3 f5 6. e3 Bb7 7. Nge2 g6 8. Nf4 Bg7 9. Be2 O-O 10. O-O Nd7 11. Rc1 Nf6 12. d3 h5 13. Bf3 Qc8 14. Bxb7 Qxb7 15. Ncd5 Ng4 16. h3 Ne5 17. d4 Nd7 18. Qf3 Qb8 19. Ne7+ Kh7 20. Nxh5 Qe8 21. Nxf5 gxf5 22. Qxf5+ Kh8 23. Nxg7 Kxg7 24. Qg5+ Kh8 25. Qh6+ Kg8 26. e4 Qxe4 27. Rc3 Qh7 28. Qg5+ Kh8 29. Qe7 f5 30. Qe6 Rae8 31. Qd5 Nf6 32. Qf3 Ne4 33. Rd3 f4 34. Kh2 Ng5 35. Qg4 Qxd3 36. Qxg5 f3 37. Qh6+ Qh7 0-1


[Site "https://www.chess.com"]

[Event "Titled Tuesday Blitz February 21 Early 2023"]
[White "Schut, Han"]
[Black "Shtompel, Yuriy"]
[WhiteFideId "1005561"]
[BlackFideId "14168278"]
[WhiteElo "2101"]
[BlackElo "1938"]
[Result "1/2-1/2"]
[Round "04"]
[TimeControl "180+2"]
[Date "2023.02.21"]
[WhiteClock "0:00:59"]
[BlackClock "0:00:31"]

1. e4 c5 2. Nf3 d6 3. d4 cxd4 4. Nxd4 Nf6 5. f3 e5 6. Bb5+ Bd7 7. Bxd7+ Qxd7 8. Nf5 d5 9. Bg5 dxe4 10. Bxf6 Qxd1+ 11. Kxd1 gxf6 12. fxe4 Nc6 13. c3 O-O-O+ 14. Kc2 Ne7 15. Nxe7+ Bxe7 16. Nd2 Rhg8 17. g3 Bc5 18. Rae1 b5 19. Rhf1 Rd6 20. Nf3 Rgd8 21. Re2 b4 22. Nh4 bxc3 23. bxc3 Rc6 24. Nf5 Ra6 25. Kb2 Rd7 26. Kb1 Rb7+ 27. Rb2 Rd7 28. Kc2 Ba3 29. Rb3 Bc5 30. Rb2 Ba3 31. Rb3 Bc5 32. Rb2 1/2-1/2


[Site "https://www.chess.com"]

[Event "Titled Tuesday Blitz February 21 Early 2023"]
[White "Kalajzic, Ivan"]
[Black "Clawitter, Craig"]
[WhiteFideId "14506378"]
[BlackFideId "2023105"]
[WhiteElo "2062"]
[BlackElo "2050"]
[Result "1-0"]
[Round "04"]
[TimeControl "180+2"]
[Date "2023.02.21"]
[WhiteClock "0:00:19"]
[BlackClock "0:00:03"]

1. b3 e5 2. Bb2 Nc6 3. e3 Nf6 4. Bb5 Bd6 5. Na3 Na5 6. Be2 a6 7. c4 Nc6 8. Nf3 O-O 9. O-O Re8 10. Nc2 e4 11. Nfd4 Ne5 12. Nf5 Bf8 13. Ng3 g6 14. f4 exf3 15. Bxf3 Bg7 16. d4 Nxf3+ 17. Qxf3 d6 18. h3 Re7 19. e4 Nd7 20. Ne3 c6 21. Ng4 Nf8 22. Nf6+ Kh8 23. d5 Nd7 24. Qf4 Ne5 25. Bxe5 dxe5 26. Qh4 Bxf6 27. Rxf6 Bd7 28. Raf1 Kg7 29. Qg5 Qf8 30. d6 Re6 31. Rxf7+ Qxf7 32. Rxf7+ Kxf7 33. Qh6 Kg8 34. Qd2 Rf8 35. c5 Rff6 36. Kh2 a5 37. Qxa5 h5 38. Qd8+ Be8 39. d7 1-0


[Site "https://www.chess.com"]

[Event "Titled Tuesday Blitz February 21 Early 2023"]
[White "Liu, Casper"]
[Black "Suduvasachmatai"]
[WhiteFideId "1454153"]
[WhiteElo "2278"]
[BlackElo "2100"]
[Result "1-0"]
[Round "04"]
[TimeControl "180+2"]
[Date "2023.02.21"]
[WhiteClock "0:01:22"]
[BlackClock "0:00:35"]

1. d4 d5 2. c4 e6 3. Nc3 c5 4. cxd5 cxd4 5. Qxd4 Nc6 6. Qd1 exd5 7. Nxd5 Be6 8. e4 Bc5 9. Nf3 Bg4 10. Bb5 Nf6 11. Bg5 Qa5+ 12. Nc3 Nxe4 13. O-O Nxg5 14. Qd5 Bxf3 15. Qxc5 Ne6 16. Bxc6+ Bxc6 17. Qxa5 O-O 18. b4 Rac8 19. b5 Bxg2 20. Kxg2 Nf4+ 21. Kf3 Nd3 22. Rad1 Nb2 23. Rd4 Nc4 24. Qb4 1-0


[Site "https://www.chess.com"]

[Event "Titled Tuesday Blitz February 21 Early 2023"]
[White "Howell, David W L"]
[Black "Bashirli, Saadat"]
[WhiteFideId "410608"]
[BlackFideId "13429990"]
[WhiteElo "2677"]
[BlackElo "1571"]
[Result "1-0"]
[Round "04"]
[TimeControl "180+2"]
[Date "2023.02.21"]
[WhiteClock "0:00:58"]
[BlackClock "0:00:06"]

1. e4 e6 2. d4 d5 3. Nc3 Bb4 4. Ne2 dxe4 5. a3 Bxc3+ 6. Nxc3 Nf6 7. g4 O-O 8. g5 Nd5 9. Nxe4 Nc6 10. Bg2 e5 11. dxe5 Nxe5 12. Qxd5 Qxd5 13. Nf6+ gxf6 14. Bxd5 fxg5 15. Bxg5 c6 16. Be4 Ng6 17. O-O-O Be6 18. h4 f6 19. Bh6 Rf7 20. Rhg1 f5 21. Bh1 Kh8 22. Bd2 Bd5 23. Bc3+ Kg8 24. Bxd5 cxd5 25. h5 Re8 26. hxg6 hxg6 27. Rxg6+ Kf8 28. Bb4+ 1-0


[Site "https://www.chess.com"]

[Event "Titled Tuesday Blitz February 21 Early 2023"]
[White "Sabar, Ethmane Daouda"]
[Black "Fries-Nielsen, Jens Ove"]
[WhiteFideId "19600097"]
[BlackFideId "1400142"]
[WhiteElo "2040"]
[BlackElo "2377"]
[Result "1/2-1/2"]
[Round "04"]
[TimeControl "180+2"]
[Date "2023.02.21"]
[WhiteClock "0:00:02"]
[BlackClock "0:00:17"]

1. b3 b6 2. Bb2 Bb7 3. e3 d6 4. f4 Nd7 5. Nf3 e5 6. fxe5 dxe5 7. d3 Bb4+ 8. Nbd2 Qe7 9. Qe2 Ba3 10. Bxa3 Qxa3 11. g3 Ngf6 12. Bg2 O-O 13. e4 Qc5 14. Nc4 b5 15. Ne3 a5 16. a4 c6 17. axb5 cxb5 18. h3 Qb4+ 19. Qd2 Rfc8 20. Qxb4 axb4 21. Rxa8 Rxa8 22. Kd2 Ra2 23. Nf5 Kf8 24. Nd6 Bc6 25. Ng5 Nc5 26. Rb1 Be8 27. Nf3 Nfd7 28. h4 f6 29. Bh3 Bh5 30. g4 Bf7 31. Nxf7 Kxf7 32. g5 Nf8 33. gxf6 gxf6 34. Bf5 h6 35. h5 Nfe6 36. Bxe6+ Kxe6 37. Kd1 f5 38. exf5+ Kxf5 39. Nd2 Kg5 40. Ne4+ Kf4 41. Nxc5 Kg5 42. Ne4+ Kxh5 43. Kd2 Kg6 44. Rh1 Ra8 45. Rg1+ Kf5 46. Nd6+ Kf4 47. Nxb5 h5 48. Nd6 h4 49. Ne4 h3 50. Rh1 Rh8 51. Nf2 h2 52. Ke2 Kg3 53. Kf1 Rf8 54. Rxh2 Kxh2 55. Ke2 Kg3 56. Ne4+ Kf4 57. Nd2 Rh8 58. Nc4 Rh2+ 59. Kd1 e4 60. dxe4 Kxe4 61. Na5 Ke3 62. Nc4+ Kd4 63. Nb2 Kc3 64. Na4+ Kd4 65. Nb2 Rg2 66. Na4 Rh2 67. Nb2 1/2-1/2


[Site "https://www.chess.com"]

[Event "Titled Tuesday Blitz February 21 Early 2023"]
[White "Berkes, Ferenc"]
[Black "Kohler, Aran"]
[WhiteFideId "718572"]
[BlackFideId "1002856"]
[WhiteElo "2621"]
[BlackElo "2010"]
[Result "1-0"]
[Round "04"]
[TimeControl "180+2"]
[Date "2023.02.21"]
[WhiteClock "0:01:05"]
[BlackClock "0:00:40"]

1. e4 c6 2. d3 d5 3. Nf3 dxe4 4. dxe4 Qxd1+ 5. Kxd1 Bg4 6. Nd2 Nd7 7. c3 O-O-O 8. Kc2 e6 9. a4 Bh5 10. a5 Bg6 11. Nh4 Be7 12. Nxg6 hxg6 13. Be2 Bc5 14. f3 a6 15. b4 Bd6 16. Nc4 Bc7 17. Be3 Rxh2 18. Rxh2 Bxh2 19. Rh1 Be5 20. Rh7 Bf6 21. Nd6+ Kc7 22. Nxf7 Rf8 23. Ng5 Re8 24. Bc4 Ne5 25. Bb3 Kd7 26. f4 Ng4 27. Bc5 Bxg5 28. fxg5 Ne7 29. Rxg7 Ne5 30. Bd4 Kd6 31. c4 Nd7 32. c5+ Kc7 33. Bxe6 Nf8 34. Be5+ Kd8 35. Bf7 Nf5 36. Bf6+ 1-0


[Site "https://www.chess.com"]

[Event "Titled Tuesday Blitz February 21 Early 2023"]
[White "Tworuszka, Michal"]
[Black "Hernandez Jimenez, Alexander Andres"]
[WhiteFideId "1117858"]
[BlackFideId "3900452"]
[WhiteElo "2260"]
[BlackElo "2134"]
[Result "1/2-1/2"]
[Round "04"]
[TimeControl "180+2"]
[Date "2023.02.21"]
[WhiteClock "0:00:04"]
[BlackClock "0:00:59"]

1. d4 Nf6 2. c4 e6 3. g3 Bb4+ 4. Bd2 a5 5. Bg2 Qe7 6. Nf3 O-O 7. O-O Bxd2 8. Nbxd2 d6 9. e4 Nbd7 10. Qe2 e5 11. d5 Nc5 12. Ne1 c6 13. Nd3 cxd5 14. Nxc5 dxc5 15. exd5 Qd6 16. Rfe1 Re8 17. f4 Bg4 18. fxe5 Bxe2 19. exd6 Rad8 20. Bf1 Bxf1 21. Kxf1 Rxd6 22. Rxe8+ Nxe8 23. Ne4 Rb6 24. b3 a4 25. Nxc5 a3 26. Re1 Rf6+ 27. Kg2 Nd6 28. Ne4 Nxe4 29. Rxe4 Kf8 30. c5 Rf5 31. Rd4 Ke8 32. g4 Rf6 33. d6 Rg6 34. Re4+ Kd8 35. h3 Rg5 36. b4 Rd5 37. Re2 Rd4 38. Re7 Rxb4 39. Rxf7 Rc4 40. Rxb7 Rxc5 41. Rxg7 h5 42. Rg8+ Kd7 43. Ra8 hxg4 44. hxg4 Rc2+ 45. Kg3 Rxa2 46. Kh4 Kxd6 47. Kg5 Ke6 48. Kg6 Rg2 49. g5 a2 50. Ra6+ Ke7 51. Ra7+ Ke6 52. Ra6+ Ke7 53. Ra7+ Ke6 54. Ra6+ 1/2-1/2


[Site "https://www.chess.com"]